AoeStats
← lxnmnk Trade | B | S

African Clearing

510374050Analyzed
4v4 RM · 17h ago on Sep 30, 2026· 31m 55s· 8 players
Game mode
Random Map
Map size
Large (8 player)
Population
200
Speed
Normal
Resources
Standard
Victory
Conquest
Starting age
Dark Age
Ending age
Imperial Age
RankedLock teamsTeams togetherTeam positionsShared explorationLock speedFull tech treeHidden civsTurbo modeCheats
Victory
Defeat
🇺🇦 Mapuche · Ukraine
1724
+12
🇨🇿 Gurjaras · Czechia
1722
+13
🇨🇳 Goths · China
1706
+13
🇨🇳 Britons · China
1703
+13
🇪🇸 Aztecs · Spain
1735
-16
🇪🇸 Magyars · Spain
1667
-14
🇪🇸 Teutons · Spain
1603
-11
🇪🇸 Bohemians · Spain
1574
-10
DK_Dani
12:53 Feudal Age
17:04 Castle Age
15:24 Loom
18:20 Scale Barding Armor
29:29 Chain Barding Armor
30:21 Bloodlines
DK_Nightclaim
11:35 Loom
13:32 Feudal Age
17:25 Castle Age
15:40 Double-Bit Axe
18:56 Bow Saw
28:18 Horse Collar
DK_Exmerior
10:12 Loom
12:50 Feudal Age
13:34 Double-Bit Axe
18:28 Fletching
20:13 Horse Collar
26:08 Castle Age
Jorge Garcia
11:45 Loom
13:46 Feudal Age
14:56 Double-Bit Axe
17:54 Castle Age
16:13 Fishing Lines
17:46 Scale Mail Armor
23:00 Sanctity
24:20 Redemption
24:51 Town Watch
26:23 Atonement
lxnmnk Trade | B | S
10:51 Loom
14:20 Feudal Age
18:10 Castle Age
16:21 Double-Bit Axe
18:08 Fletching
19:12 Bow Saw
30:51 Horse Collar
胖子事情多
4:37 Loom
13:29 Feudal Age
14:10 Town Watch
17:09 Castle Age
16:38 Fletching
17:59 Double-Bit Axe
26:58 Wheelbarrow
27:07 Bow Saw
28:04 Horse Collar
32:31 Heavy Plow
tim.13
10:58 Loom
13:18 Feudal Age
13:53 Double-Bit Axe
19:11 Castle Age
18:11 Fletching
18:44 Gold Mining
Rank
11:06 Loom
13:12 Feudal Age
17:06 Castle Age
15:02 Double-Bit Axe
19:01 Sanctity
22:45 Fervor
23:48 Wheelbarrow
24:33 Atonement
28:32 Scale Barding Armor
Connection lost

Rejoining the realm…

Still unreachable

The connection could not be restored.

Session expired

The server has moved on; the page needs a fresh start.